 Dungeon Crawl Stone Soup version 0.30-a0-424-g7412bad402 (webtiles) character file.

Game seed: 10886098429082611946

11272 cforsyth the Spear-Bearer (level 11, -10/151 HPs)
             Began as a Minotaur Berserker on Dec 10, 2022.
             Was a High Priest of Trog.
             Mangled by a death yak simulacrum (20 damage)
             ... in an ice cave.
             The game lasted 00:23:23 (10451 turns).

cforsyth the Spear-Bearer (Minotaur Berserker)     Turns: 10451, Time: 00:23:24

Health: -10/151    AC: 12    Str: 22    XL:     11   Next: 47%
Magic:  0/10       EV: 10    Int:  4    God:    Trog [*****.]
Gold:   527        SH:  0    Dex:  9    Spells: 10/10 levels left

rFire   . . .      SeeInvis .    o - +1 glaive (flame)
rCold   . . .      Faith    .    (shield currently unavailable)
rNeg    . . .      Spirit   +    j - +0 ring mail
rPois   .          Reflect  .    (helmet restricted)
rElec   +          Harm     .    (no cloak)
rCorr   +          Rampage  .    i - +4 pair of gloves "Ziasaki" {rElec Will+++ Regen+ Str-5}
Will    ++++.                    (no boots)
Stlth   ..........               a - amulet of guardian spirit
HPRegen 1.25/turn                v - ring of resist corrosion
MPRegen 0.12/turn                B - ring of willpower

@: berserking, constricted, studying Evocations, very quick
A: horns 2, retaliatory headbutt
a: Renounce Religion, Berserk, Trog's Hand, Brothers in Arms


You were in an ice cave.
You worshipped Trog.
Trog was extremely pleased with you.
You visited 1 branch of the dungeon, and saw 11 of its levels.
You also visited: Sewer and Ice Cave.

You collected 527 gold pieces.

Inventory:

Hand Weapons
 o - a +1 glaive of flaming (weapon)
Armour
 i - the +4 pair of gloves "Ziasaki" (worn) {rElec Will+++ Regen+ Str-5}
   (You acquired it on level 6 of the Dungeon)

   Str:       It affects your strength (-5).
   rElec:     It insulates you from electricity.
   Regen:     It increases your rate of health regeneration.
   Will:      It greatly increases your willpower.
 j - a +0 ring mail (worn)
 C - +0 ice dragon scales
Jewellery
 a - an amulet of guardian spirit (around neck)
 v - a ring of resist corrosion (left hand)
 y - a ring of ice
 B - a ring of willpower (right hand)
Wands
 u - a wand of paralysis (26)
 x - a wand of polymorph (3)
 z - a wand of flame (17)
Scrolls
 c - a scroll of summoning
 d - 2 scrolls of poison
 e - a scroll of enchant armour
 k - 2 scrolls of fear
 r - 2 scrolls of magic mapping
 s - 4 scrolls of teleportation
 w - 2 scrolls of silence {unknown}
 A - 3 scrolls of identify
Potions
 b - a potion of might {unknown}
 f - 4 potions of curing
 g - 4 potions of heal wounds
 h - 2 potions of cancellation
 l - 2 potions of magic {unknown}
 m - 3 potions of attraction
 n - 4 potions of invisibility
 p - 5 potions of flight
 q - 2 potions of haste
 t - 3 potions of lignification


   Skills:
 + Level 10.8 Fighting
 + Level 10.8 Polearms
 + Level 10.5 Armour
 + Level 9.7 Dodging
 + Level 8.8 Evocations


You had 10 spell levels left.
You didn't know any spells.
Your spell library was empty.

Dungeon Overview and Level Annotations

Branches:
Dungeon (11/15)            Temple (0/1) D:4            Lair (0/5) D:9
    Orc (0/2) D:11          Sewer (visited)           IceCv (1/1)

Altars:
Kikubaaqudgha
Wu Jian
The Shining One

Shops:
D:6 *   D:7 [   D:9 [

Annotations:
D:5 2 transporters, sirJeffrey23's ghost, novice DrFE


Innate Abilities, Weirdness & Mutations

You have a pair of horns on your head.
You reflexively headbutt those who attack you in melee.


Message History

Unknown command.
You barely miss the anaconda simulacrum.
The anaconda simulacrum bites you! The anaconda simulacrum freezes you!!
The anaconda simulacrum constricts you. The anaconda simulacrum bites you.
The anaconda simulacrum freezes you! The anaconda simulacrum constricts you.
Unknown command.
A red film seems to cover your vision as you go berserk!
You feel yourself moving faster!
You feel mighty!
The anaconda simulacrum closely misses you.
You furiously retaliate!
You headbutt the anaconda simulacrum! The anaconda simulacrum constricts you.
Unknown command.
You slash the anaconda simulacrum!
You melt the anaconda simulacrum.
Your headbutt misses the anaconda simulacrum.
The anaconda simulacrum is heavily damaged.
The anaconda simulacrum closely misses you.
The anaconda simulacrum constricts you.
The dire elephant simulacrum barely misses you.
The dire elephant simulacrum trunk-slaps you but does no damage.
The death yak simulacrum gores you but does no damage.
The anaconda simulacrum bites you! The anaconda simulacrum freezes you!
The anaconda simulacrum constricts you.
Unknown command.
You closely miss the anaconda simulacrum.
The anaconda simulacrum is heavily damaged.
The anaconda simulacrum closely misses you.
The anaconda simulacrum constricts you.
Unknown command.
Unknown command.
You closely miss the anaconda simulacrum.
You headbutt the anaconda simulacrum!
The anaconda simulacrum is severely damaged.
The anaconda simulacrum bites you. The anaconda simulacrum freezes you!!
* * * LOW HITPOINT WARNING * * *
The anaconda simulacrum constricts you.
* * * LOW HITPOINT WARNING * * *
The death yak simulacrum gores you!
* * * LOW HITPOINT WARNING * * *
The death yak simulacrum freezes you!!
You die...

#######
##..@..##
#..ZZZ..#
#....WZZ..#
#...........#
#...........#
#...........#
#.............#
#....8...8....#
#......(......#


You could see a freezing wraith, an anaconda simulacrum, a death yak simulacrum,
2 elephant simulacra and a dire elephant simulacrum.

Vanquished Creatures
  Erolcha (D:10)
  An ice dragon (D:11)
  A two-headed ogre (D:9)
  Amaemon (D:10)
  An orange demon (D:9)
  2 unseen horrors
  A komodo dragon (D:10)
  3 polar bears (D:11)
  A wraith (D:10)
  A shadow (D:9)
  11 yaks
  Grum (D:8)
  3 steam dragons
  2 water moccasins
  An acid dragon (D:10)
  A black bear (D:6)
  2 orc warriors (D:7)
  2 sky beasts
  2 ice beasts
  5 wolves
  6 ogres
  4 centaurs
  3 phantoms
  4 kobold brigands
  2 bullfrogs (D:8)
  3 necrophages
  5 scorpions
  4 wights (D:9)
  5 howler monkeys
  A jelly (D:7)
  4 orc priests
  3 hounds
  A gnoll bouda (D:9)
  5 iguanas
  6 orc wizards
  11 adders
  11 gnolls
  4 river rats
  2 shadow imps (D:5)
  3 ufetubi
  3 dart slugs
  22 orcs
  12 bats
  10 endoplasms
  6 giant cockroaches
  8 hobgoblins
  6 jackals
  23 kobolds
  4 quokkas
  12 ball pythons
  2 frilled lizards (Sewer)
  11 goblins
  2 rats
251 creatures vanquished.

Vanquished Creatures (others)
  An unseen horror (D:11)
  An orc wizard (D:10)
2 creatures vanquished.

Grand Total: 253 creatures vanquished

Notes
Turn   | Place    | Note
-------+----------+-------------------------------------------
     0 | D:1      | cforsyth the Minotaur Berserker began the quest for the
                  | Orb.
     0 | D:1      | Reached XP level 1. HP: 19/19 MP: 0/0
   109 | D:1      | Reached XP level 2. HP: 27/27 MP: 1/1
  1108 | D:2      | Reached ** piety under Trog
  1109 | D:2      | Reached XP level 3. HP: 31/33 MP: 2/2
  2121 | D:4      | Noticed an ogre
  2125 | D:4      | Noticed a phantom
  2126 | D:4      | Reached XP level 4. HP: 40/40 MP: 3/3
  2128 | D:4      | Killed an ogre
  2129 | D:4      | Reached XP level 5. HP: 47/47 MP: 4/4
  2132 | D:4      | Killed a phantom
  2133 | D:4      | Reached skill level 5 in Polearms
  2346 | D:4      | Reached skill level 5 in Fighting
  2351 | D:4      | Found a glowing drain.
  2355 | Sewer    | Entered a sewer
  2464 | Sewer    | Reached XP level 6. HP: 23/56 MP: 5/5
  3058 | Sewer    | Reached *** piety under Trog
  3363 | D:4      | Found a staircase to the Ecumenical Temple.
  3661 | D:4      | Reached skill level 5 in Armour
  3661 | D:4      | Reached XP level 7. HP: 43/62 MP: 6/6
  3931 | D:4      | Found a glowing golden altar of the Shining One.
  4539 | D:5      | Entered Level 5 of the Dungeon
  4592 | D:5      | Reached skill level 5 in Dodging
  4832 | D:5      | Reached **** piety under Trog
  4964 | D:5      | Found a transporter.
  4966 | D:5      | Noticed sirJeffrey23's ghost (novice DrFE)
  4967 | D:5      | Found a transporter.
  5451 | D:5      | Reached XP level 8. HP: 54/71 MP: 7/7
  5940 | D:6      | Identified 3 scrolls of acquirement
  5940 | D:6      | Acquired the +4 pair of gloves "Ziasaki" {rElec Will+++
                  | Regen+ Str-5}
  6486 | D:6      | Acquired a +1 glaive of flaming
  6509 | D:6      | Acquired a manual of Evocations
  6550 | D:6      | Reached skill level 1 in Evocations
  6813 | D:6      | Found an ornate altar of the Wu Jian Council.
  6814 | D:6      | Found an ancient bone altar of Kikubaaqudgha.
  6956 | D:6      | Found Paithrul's Assorted Antiques.
  7084 | D:7      | Reached XP level 9. HP: 72/80 MP: 6/8
  7494 | D:7      | Found Fieneuwi's Armour Shoppe.
  7993 | D:8      | Noticed Grum
  8005 | D:8      | Reached skill level 5 in Evocations
  8006 | D:8      | Reached ***** piety under Trog
  8008 | D:8      | Killed Grum
  8225 | D:8      | Reached XP level 10. HP: 87/91 MP: 7/9
  8969 | D:9      | Identified the +1 helmet "Pisolo" {rC+ Str+3}
  9048 | D:9      | Found Weaxaut's Armour Shoppe.
  9060 | D:9      | Noticed a two-headed ogre
  9070 | D:9      | Killed a two-headed ogre
  9298 | D:9      | Identified the +2 robe of the Bull {Regen+ Stlth+}
  9343 | D:9      | Reached skill level 10 in Polearms
  9472 | D:9      | Found a staircase to the Lair.
  9579 | D:10     | Entered Level 10 of the Dungeon
  9583 | D:10     | Reached skill level 10 in Fighting
  9615 | D:10     | Noticed Amaemon
  9616 | D:10     | Noticed an orange demon
  9636 | D:9      | Killed an orange demon
  9804 | D:10     | Killed Amaemon
  9805 | D:10     | Reached skill level 10 in Armour
  9805 | D:10     | Reached XP level 11. HP: 47/100 MP: 7/10
 10035 | D:10     | Noticed Erolcha
 10049 | D:10     | Killed Erolcha
 10375 | D:11     | Found a frozen archway.
 10376 | D:11     | Noticed an ice dragon
 10392 | D:11     | Killed an ice dragon
 10443 | IceCv    | Entered an ice cave
 10451 | IceCv    | Mangled by a death yak simulacrum

Illustrated notes

Levels and vault maps discovered:
D:1:      dpeg_arrival_renting, layout_loops_corners,
          hangedman_abyss_or_decor_stabs, roderic_lattice_a
D:2:      wad_lake_hut, layout_loops_corners,
          hellmonk_ecumenical_altar_leap_of_faith
D:3:      layout_basic
D:4:      layout_basic, tso_metal_star, minmay_temple_entry_stoned_glass,
          gup_sewer_entry_bowl
D:5:      layout_rooms, gammafunk_ghost_mausoleum,
          chequers_serial_rivers_micro_e
D:6:      layout_loops_ring, nicolae_overflow_hidden_temple, serial_shops,
          nicolae_lakefront_shop
D:7:      layout_loops_ring, serial_shops, nicolae_shop_statue_plus,
          feat_on_display
D:8:      nicolae_cairo_tiling_large, layout_layer_cave, uniq_grum
D:9:      layout_roguey, lair_entry_dummy, serial_shops, shop
D:10:     layout_rooms, dk_vineyard_3, uniq_erolcha, uniq_amaemon
D:11:     layout_loops_cross, kennysheep_orc_monster_closet_entryway,
          portal_ice_cave_entry_animals_and_master
IceCv:    ice_cave_statue_garden_transporter

Skill      XL: |  1  2  3  4  5  6  7  8  9 10 11 |
---------------+----------------------------------+-----
Polearms       | 4 5 6 7 9 10 | 10.8
Fighting       | 4 5 6 7 9 10 | 10.8
Armour         | 3 4 5 6 7 8 10 | 10.5
Dodging        | 3 4 5 6 7 9 |  9.7
Evocations     | 2 5 7 8 |  8.8

Action                   |  1- 3 |  4- 6 |  7- 9 | 10-12 || total
-------------------------+-------+-------+-------+-------++-------
Melee: Spear             |   104 |   195 |   132 |       ||   431
       Headbutt          |    11 |    15 |    56 |    37 ||   119
       Punch             |       |     1 |     1 |       ||     2
       Glaive            |       |       |   159 |   212 ||   371
       Trident           |       |       |    11 |       ||    11
Invok: Berserk           |     1 |       |       |     4 ||     5
  Use: Potion            |       |       |     1 |       ||     1
       Scroll            |       |       |    19 |     1 ||    20
 Stab: Sleeping          |     2 |       |       |       ||     2
Armor: Animal skin       |     4 |    29 |     8 |       ||    41
       Ring mail         |       |       |    75 |   164 ||   239
Dodge: Dodged            |    52 |    85 |   168 |   146 ||   451

Table legend: (Time is in decaauts)
 A = Elapsed time spent in this place.
 B = Non-inter-level travel time spent in this place.
 C = Inter-level travel time spent in this place.
 D = Time resting spent in this place.
 E = Time spent auto-exploring this place.
 F = Levels seen in this place.
 G = Mean time per level.
                   A        B        C        D        E       F      G
               +--------+--------+--------+--------+--------+-----+--------+
         Total |  10683 |  10342 |    341 |   1080 |   7497 |  13 |  821.8 |
       Dungeon |   9560 |   9219 |    341 |   1080 |   6584 |  11 |  869.1 |
         Sewer |   1114 |   1114 |      0 |      0 |    913 |   1 | 1114.0 |
      Ice Cave |      7 |      7 |      0 |      0 |      0 |   1 |    7.0 |
               +--------+--------+--------+--------+--------+-----+--------+

Top non-repeatable levels by time:
     D:5: 1818 daAuts
     D:4: 1328 daAuts
   Sewer: 1114 daAuts
     D:8: 1105 daAuts
     D:1: 1044 daAuts
     D:9: 846 daAuts
     D:3: 806 daAuts
     D:7: 740 daAuts
    D:10: 687 daAuts
     D:6: 632 daAuts
     D:2: 418 daAuts
    D:11: 130 daAuts
   IceCv: 7 daAuts
